 Dungeon Crawl Stone Soup version 0.29-a0-384-g6960b1960d (webtiles) character file.

Game seed: 4009926442277407601

125 spaghetti the Covert (level 5, 0/47 HPs)
             Began as a Gnoll Delver on May 7, 2022.
             Succumbed to a kobold brigand's curare-tipped dart
             ... on level 6 of the Dungeon.
             The game lasted 00:01:26 (296 turns).

spaghetti the Covert (Gnoll Delver)                  Turns: 296, Time: 00:01:26

Health: 0/47       AC:  3    Str: 11    XL:     5   Next: 9%
Magic:  4/7        EV: 14    Int: 11    God:
Gold:   29         SH:  0    Dex: 20    Spells: 6/6 levels left

rFire   . . .      SeeInvis .   a - +0 short sword {short}
rCold   . . .      Faith    .   (no shield)
rNeg    . . .      Spirit   .   b - +0 leather armour
rPois   .          Reflect  .   (no helmet)
rElec   .          Harm     .   (no cloak)
rCorr   .          Rampage  .   (no gloves)
Will    .....                   (no boots)
Stlth   ++++......              (no amulet)
HPRegen 0.15/turn               e - +6 ring of dexterity
MPRegen 0.10/turn               (no ring)

@: lethally poisoned (0 -> -1), slowed, very slow
A: fangs 1, strong nose, distributed training
a: no special abilities


You were on level 6 of the Dungeon.
You visited 1 branch of the dungeon, and saw 2 of its levels.

You collected 29 gold pieces.


Innate Abilities, Weirdness & Mutations

You have very sharp teeth.
Your uncanny sense of smell can sniff out nearby items.
Your experience applies equally to all skills.


   Skills:
 + Level 6.6 Fighting
 + Level 4.7 Short Blades
 + Level 1.3 Long Blades
 + Level 1.3 Axes
 + Level 1.3 Maces & Flails
 + Level 1.3 Polearms
 + Level 1.3 Staves
 + Level 1.3 Slings
 + Level 1.3 Bows
 + Level 1.3 Crossbows
 + Level 1.3 Throwing
 + Level 1.3 Armour
 + Level 4.7 Dodging
 + Level 9.6 Stealth
 + Level 1.3 Shields
 + Level 1.3 Unarmed Combat
 + Level 1.3 Spellcasting
 + Level 1.1 Conjurations
 + Level 1.1 Hexes
 + Level 1.1 Summonings
 + Level 1.1 Necromancy
 + Level 1.1 Translocations
 + Level 1.1 Transmutations
 + Level 1.1 Fire Magic
 + Level 1.1 Ice Magic
 + Level 1.1 Air Magic
 + Level 1.1 Earth Magic
 + Level 1.1 Poison Magic
 + Level 1.5 Invocations
 + Level 1.3 Evocations


You had 6 spell levels left.
You didn't know any spells.
Your spell library contained the following spells:

 Spells                   Type           Power      Damage    Failure   Level
 Magic Dart               Conj           12%        1d3       26%         1
 Call Imp                 Summ           3%         N/A       36%         2
 Mephitic Cloud           Conj/Pois/Air  3%         N/A       61%         3

Inventory:

Hand Weapons
 a - a +0 short sword (weapon) {short}
Armour
 b - a +0 leather armour (worn)
Jewellery
 e - a +6 ring of dexterity (left hand)
   (You found it on level 6 of the Dungeon)
Wands
 g - a wand of digging (3)
 j - a wand of iceblast (4)
   (You found it on level 6 of the Dungeon)
Scrolls
 c - a scroll of fog
 d - a scroll of magic mapping {!r}
Potions
 f - a potion of haste {@q3}

Dungeon Overview and Level Annotations

Branches:
Dungeon (6/15)
 Temple: D:4-7

Altars:

#.# #..
#.#.##....#... #.#
#.# #...###..#..#.
#.# #..
#.###......##..
#.#
#?####.###.#....
#.#
####..............
#.#
..............##.#
#..
..........##.##
..........##.# #
.......@..).)##..#
...?.....).)....#
........#.####..#
..........# .#
....(...... ..
........#.## ?.
...#.......∆ ..
........... #
..#......


There were no monsters in sight!


Message History

😮 HP[-2]
You take 2 damage, and now have 20/35 hp.
Aiming: Iceblast
Press: ? - help, Shift-Dir - straight line, f - kobold
Aim: a kobold, wielding a +0 club The mass of ice explodes!
The iceblast engulfs the kobold!
You kill the kobold!
The iceblast engulfs the kobold!
You kill the kobold!
The iceblast engulfs the kobold brigand!
* * * LOW HITPOINT WARNING * * *
You feel extremely sick. 😨 HP[-7]
You take 7 damage, and now have 13/35 hp.
Okay, then.
Magic scrolls do not work when you're silenced!
You are lethally poisoned (13 -> -2).
Expiring: You radiate silence.
You are slowed.
Your movement speed is very slow.
Your attack delay is about 1.3.
Your base attributes are Str 11, Int 11, Dex 13.
Aiming: Iceblast
Press: ? - help, Shift-Dir - straight line The mass of ice explodes!
The iceblast engulfs the kobold brigand.
The iceblast engulfs the kobold!
You kill the kobold!
* * * LOW HITPOINT WARNING * * *
You feel very sick. The kobold brigand misses you.
The kobold brigand barely misses you. 😱 HP[-5]
You take 5 damage, and now have 8/35 hp.
Aiming: Iceblast
Press: ? - help, Shift-Dir - straight line The mass of ice explodes!
The iceblast engulfs the kobold brigand!
* * * LOW HITPOINT WARNING * * *
You feel very sick.
The kobold brigand barely misses you. 😱 HP[-2]
You take 2 damage, and now have 6/35 hp.
You are lethally poisoned (6 -> -2).
Expiring: You radiate silence.
You are slowed.
Your movement speed is very slow.
Your attack delay is about 1.3.
Your base attributes are Str 11, Int 11, Dex 13.
Aiming: Iceblast
Press: ? - help, Shift-Dir - straight line The mass of ice explodes!
The iceblast engulfs the kobold brigand!
You kill the kobold brigand!
* * * LOW HITPOINT WARNING * * *
You feel sick.
Your Conjurations skill increases to level 1!
Your Hexes skill increases to level 1!
Your Summonings skill increases to level 1!
Your Necromancy skill increases to level 1!
Your Translocations skill increases to level 1!
Your Transmutations skill increases to level 1!
Your Fire Magic skill increases to level 1!
Your Ice Magic skill increases to level 1!
Your Air Magic skill increases to level 1!
Your Earth Magic skill increases to level 1!
Your Poison Magic skill increases to level 1!
You have reached level 4!
You feel agile.
You have reached level 5! 😱 HP[-1]
You now have 47 max hp (+12).
You are lethally poisoned (5 -> 0).
Expiring: You radiate silence.
You are slowed.
Your movement speed is very slow.
Your attack delay is about 1.2.
Your base attributes are Str 11, Int 11, Dex 14.
Okay, then.
There is a lethal amount of poison in your body!
Unknown command.
Unknown command.
Your hearing returns.
* * * LOW HITPOINT WARNING * * *
You feel sick.
You see here a book of Minor Magic. 😱 HP[-2]
You take 2 damage, and now have 3/47 hp.
Unknown command.
You pick up a book of Minor Magic and begin reading...
You add the spells Magic Dart, Call Imp and Mephitic Cloud to your library.
* * * LOW HITPOINT WARNING * * *
You feel sick. 😱 HP[-1]
You take 1 damage, and now have 2/47 hp.
Okay, then.
As you read the scroll labelled BIJOJE TETIEBB, it crumbles to dust.
It is a scroll of amnesia.
You feel forgetful for a moment.
* * * LOW HITPOINT WARNING * * *
You feel sick. 😱 HP[-1]
You take 1 damage, and now have 1/47 hp.
Unknown command.
There is a lethal amount of poison in your body!
Unknown command.
You die...

Skill      XL: |  1  2  3 |
---------------+----------+-----
Stealth        | |  9.6
Long Blades    | 1 |  1.3
Axes           | 1 |  1.3
Maces & Flails | 1 |  1.3
Polearms       | 1 |  1.3
Staves         | 1 |  1.3
Slings         | 1 |  1.3
Bows           | 1 |  1.3
Crossbows      | 1 |  1.3
Throwing       | 1 |  1.3
Armour         | 1 |  1.3
Shields        | 1 |  1.3
Unarmed Combat | 1 |  1.3
Spellcasting   | 1 |  1.3
Invocations    | 1 |  1.5
Evocations     | 1 |  1.3
Conjurations   | 1 |  1.1
Hexes          | 1 |  1.1
Summonings     | 1 |  1.1
Necromancy     | 1 |  1.1
Translocations | 1 |  1.1
Transmutations | 1 |  1.1
Fire Magic     | 1 |  1.1
Ice Magic      | 1 |  1.1
Air Magic      | 1 |  1.1
Earth Magic    | 1 |  1.1
Poison Magic   | 1 |  1.1
Fighting       | |  6.6
Short Blades   | |  4.7
Dodging        | |  4.7

Action                   |  1- 3 |  4- 6 || total
-------------------------+-------+-------++-------
Melee: Short sword       |    13 |       ||    13
       Bite              |     1 |       ||     1
Evoke: Wand              |     4 |       ||     4
  Use: Scroll            |     2 |     1 ||     3
 Stab: Sleeping          |     2 |       ||     2
Armor: Leather armour    |     1 |       ||     1
Dodge: Dodged            |    12 |       ||    12

Levels and vault maps discovered:
D:5:      layout_rooms, hangedman_decor_growths
D:6:      layout_rooms, grunt_ministairs_15

Notes
Turn   | Place    | Note
-------+----------+-------------------------------------------
     0 | D:5      | Reached skill level 9 in Stealth
     0 | D:5      | spaghetti the Gnoll Delver began the quest for the Orb.
     0 | D:5      | Reached XP level 1. HP: 23/23 MP: 1/1
     0 | D:5      | magus.rc [v1.9.6]
     1 | D:6      | Noticed an iguana
     5 | D:6      | Killed an iguana
     6 | D:6      | Reached XP level 2. HP: 29/29 MP: 2/2
     6 | D:6      | Reached XP level 3. HP: 35/35 MP: 3/3
    21 | D:5      | Reached skill level 1 in Long Blades
    21 | D:5      | Reached skill level 1 in Axes
    21 | D:5      | Reached skill level 1 in Maces & Flails
    21 | D:5      | Reached skill level 1 in Polearms
    21 | D:5      | Reached skill level 1 in Staves
    21 | D:5      | Reached skill level 1 in Slings
    21 | D:5      | Reached skill level 1 in Bows
    21 | D:5      | Reached skill level 1 in Crossbows
    21 | D:5      | Reached skill level 1 in Throwing
    21 | D:5      | Reached skill level 1 in Armour
    21 | D:5      | Reached skill level 1 in Shields
    21 | D:5      | Reached skill level 1 in Unarmed Combat
    21 | D:5      | Reached skill level 1 in Spellcasting
    21 | D:5      | Reached skill level 1 in Invocations
    21 | D:5      | Reached skill level 1 in Evocations
   268 | D:6      | Noticed a kobold brigand
   290 | D:6      | HP: 8/35 [poisoned by a kobold brigand (curare-tipped
                  | dart)]
   292 | D:6      | Killed a kobold brigand
   293 | D:6      | Reached skill level 1 in Conjurations
   293 | D:6      | Reached skill level 1 in Hexes
   293 | D:6      | Reached skill level 1 in Summonings
   293 | D:6      | Reached skill level 1 in Necromancy
   293 | D:6      | Reached skill level 1 in Translocations
   293 | D:6      | Reached skill level 1 in Transmutations
   293 | D:6      | Reached skill level 1 in Fire Magic
   293 | D:6      | Reached skill level 1 in Ice Magic
   293 | D:6      | Reached skill level 1 in Air Magic
   293 | D:6      | Reached skill level 1 in Earth Magic
   293 | D:6      | Reached skill level 1 in Poison Magic
   293 | D:6      | Reached XP level 4. HP: 5/41 MP: 4/6
   293 | D:6      | Reached XP level 5. HP: 5/47 MP: 4/7
   293 | D:6      | HP: 3/47 [poisoned by a kobold brigand (curare-tipped
                  | dart)]
   294 | D:6      | You pick up a book of Minor Magic and begin reading...
   294 | D:6      | You add the spells Magic Dart, Call Imp and Mephitic Cloud
                  | to your library.
   295 | D:6      | HP: 1/47 [poisoned by a kobold brigand (curare-tipped
                  | dart)]
   296 | D:6      | Succumbed to a kobold brigand's curare-tipped dart

Vanquished Creatures
  A kobold brigand (D:6)
  2 iguanas
  5 kobolds (D:6)
8 creatures vanquished.

Table legend:
 A = Non-vault XP
 B = Vault XP
 C = Vault XP percentage of total XP
 D = Non-vault monster count
 E = Vault monster count
 F = Vault count percentage of total count
                 A         B        C        D         E       F
            +---------+---------+-------+---------+---------+-------
      Total |     144 |      35 |  19.6 |       7 |       1 |  12.5
            +---------+---------+-------+---------+---------+-------
        D:5 |      37 |       0 |   0.0 |       1 |       0 |   0.0
        D:6 |     107 |      35 |  24.6 |       6 |       1 |  14.3
            +---------+---------+-------+---------+---------+-------

Illustrated notes

Table legend:
 A = Kills in this place as a percentage of kills in entire the game.
 B = Kills by you in this place as a percentage of kills by you in the entire game.
 C = Kills by friends in this place as a percentage of kills by friends in the entire game.
 D = Other kills in this place as a percentage of other kills in the entire game.
 E = Experience gained in this place as a percentage of experience gained in the entire game.
 F = Experience gained in this place divided by the number of levels of this place that you have seen.
                   A       B       C       D       E      F
               +-------+-------+-------+-------+-------+----------------------
         Total | 100.0 | 100.0 |   N/A |   N/A | 100.0 |  89.5
       Dungeon | 100.0 | 100.0 |   N/A |   N/A | 100.0 |  89.5
               +-------+-------+-------+-------+-------+----------------------

Table legend: (Time is in decaauts)
 A = Elapsed time spent in this place.
 B = Non-inter-level travel time spent in this place.
 C = Inter-level travel time spent in this place.
 D = Time resting spent in this place.
 E = Time spent auto-exploring this place.
 F = Levels seen in this place.
 G = Mean time per level.
                   A        B        C        D        E       F      G
               +--------+--------+--------+--------+--------+-----+--------+
         Total |    297 |    292 |      5 |    129 |    101 |   2 |  148.5 |
       Dungeon |    297 |    292 |      5 |    129 |    101 |   2 |  148.5 |
               +--------+--------+--------+--------+--------+-----+--------+

Top non-repeatable levels by time:
     D:6: 245 daAuts
     D:5: 52 daAuts
